 Dungeon Crawl Stone Soup version 0.30-a0-800-g7c544603b3 (webtiles) character file.

Game seed: 9094008160494484133

2157 bande the Chopper (level 9, -2/55 HPs)
             Began as a Gargoyle Fighter on Feb 22, 2023.
             Was a Follower of Okawaru.
             Slain by a yak (3 damage)
             ... on level 7 of the Dungeon.
             The game lasted 00:10:36 (5869 turns).

bande the Chopper (Gargoyle Fighter)                Turns: 5869, Time: 00:10:37

Health: -2/55      AC: 20    Str: 20    XL:     9   Next: 31%
Magic:  10/10      EV:  7    Int:  9    God:    Okawaru [*.....]
Gold:   1575       SH:  5    Dex: 13    Spells: 8/8 levels left

rFire   . . .      SeeInvis .    a - +1 war axe
rCold   . . .      Faith    .    c - +0 buckler
rNeg    + . .      Spirit   .    h - +0 chain mail
rPois   ∞          Reflect  .    b - +0 helmet
rElec   +          Harm     .    (no cloak)
rCorr   .          Rampage  .    (no gloves)
Will    .....                    l - +1 pair of boots Stlth
                                 (no amulet)
HPRegen 0.29/turn                (no ring)
MPRegen 0.12/turn                (no ring)

@: no status effects
A: sickness immunity, AC +6, negative energy resistance 1, electricity
resistance, torment resistance 1, petrification resistance
a: Renounce Religion, Heroism


You were on level 7 of the Dungeon.
You worshipped Okawaru.
Okawaru was aware of your devotion.
You visited 2 branches of the dungeon, and saw 8 of its levels.

You collected 1575 gold pieces.

Inventory:

Hand Weapons
 a - a +1 war axe (weapon)
 k - the +9 mace of the Enfolding Eel {freeze, Fragile rCorr Str+2 SInv}
   (You found it on level 2 of the Dungeon)

   Str:       It affects your strength (+2).
   SInv:      It lets you see invisible.
   rCorr:     It protects you from acid and corrosion.
   Fragile:   It will be destroyed if unequipped.
 p - a +0 flail
Missiles
 u - a throwing net (quivered)
Armour
 b - a +0 helmet (worn)
 c - a +0 buckler (worn)
 h - a +0 chain mail (worn)
 l - a +1 pair of boots (worn)
 t - a +1 ring mail of fire resistance
Jewellery
 f - a ring of wizardry
 m - an amulet of magic regeneration
Wands
 n - a wand of iceblast (6)
 x - a wand of light (10)
Scrolls
 j - a scroll of enchant armour
 q - 2 scrolls of enchant weapon
 w - 3 scrolls of identify
 y - a scroll of teleportation
Potions
 d - a potion of might
 e - 5 potions of curing
 g - 3 potions of haste
 i - a potion of berserk rage
 o - a potion of degeneration {unknown}
 r - 5 potions of heal wounds
 s - a potion of mutation {unknown}
 v - 2 potions of magic
 A - 3 potions of brilliance


   Skills:
 + Level 6.1 Fighting
 + Level 7.6 Axes
 + Level 6.6 Armour
 + Level 4.6 Shields
 * Level 2.1 Invocations
 * Level 3.1 Evocations


You had 8 spell levels left.
You didn't know any spells.
Your spell library contained the following spells:

 Spells                   Type           Power      Damage    Failure   Level
 Foxfire                  Conj/Fire      0%         2x1d4     99%         1
 Necrotise                Necr           0%         1d4       99%         1
 Vampiric Draining        Necr           0%         2d6       100%        3
 Agony                    Necr           0%         N/A       100%        5
 Fireball                 Conj/Fire      0%         3d3       100%        5
 Starburst                Conj/Fire      0%         6d3       100%        6


Dungeon Overview and Level Annotations

Branches:
Dungeon (7/15)             Temple (1/1) D:4

Altars:
Ashenzari
Dithmenos
Elyvilon
Gozag
Kikubaaqudgha
Nemelex Xobeh
Okawaru
Trog
Uskayaw
Vehumet
Wu Jian
Xom
Zin

Shops:
D:5 (   D:7 =


Innate Abilities, Weirdness & Mutations

You are immune to sickness and miasma.
Your stone body is resilient. (AC +6)
You are immune to poison.
You resist negative energy. (rN+)
You are resistant to electric shocks. (rElec)
You are resistant to unholy torment.
You are immune to petrification.


Message History

The yak is almost dead.
You hit the yak. The yak barely misses you. The yak gores you.
You are too injured to fight recklessly!
You are too injured to fight recklessly!
You are too injured to fight recklessly!
You are too injured to fight recklessly!
You are too injured to fight recklessly!
You are too injured to fight recklessly!
You are too injured to fight recklessly!
You are too injured to fight recklessly!
You are too injured to fight recklessly!
You are too injured to fight recklessly!
You are too injured to fight recklessly!
You are too injured to fight recklessly!
You are too injured to fight recklessly!
Unknown command.
You closely miss the yak.
The yak is almost dead.
You hit the yak. The yak gores you! The yak gores you but does no damage.
You block the yak's attack. The yak gores you but does no damage.
You slash the yak!
You kill the yak!
Okawaru accepts your kill.
You closely miss the yak. The yak gores you.
* * * LOW HITPOINT WARNING * * *
Your Invocations skill increases to level 2!
The yak gores you.
* * * LOW HITPOINT WARNING * * *
You see here a yak corpse.
You barely miss the yak.
The yak is moderately wounded.
The yak gores you!
* * * LOW HITPOINT WARNING * * *
You hit the yak.
The yak is moderately wounded.
The yak barely misses you.
You slash the yak!
The yak is heavily wounded.
The yak gores you.
You die...

........#.#
..........#
.........##
.........##
#........# # #...
#..## ...
##Y###...##.#.#
#.@...!...#..#
##............. .#
#...........# ...
#..........####...
#..........#.#..#
..#.............#
#....##<)....)..##..
#....##÷)...........
..............#....


You could see a yak.

Vanquished Creatures
  2 yaks (D:7)
  A steam dragon (D:5)
  Edmund (D:4)
  Menkaure (D:4)
  A black bear (D:5)
  An orc warrior (D:5)
  An ice beast (D:6)
  4 centaurs
  2 bullfrogs
  Blork the orc (D:4)
  4 scorpions
  A howler monkey (D:6)
  A jelly (D:7)
  3 iguanas
  Natasha (D:2)
  4 orc wizards
  Robin (D:3)
  4 gnolls (D:6)
  6 adders
  A shadow imp (D:7)
  An ufetubus (D:4)
  12 orcs
  A bat zombie (D:2)
  7 endoplasms
  4 giant cockroaches
  17 goblins
  10 hobgoblins
  3 jackals (D:3)
  3 quokkas
  13 ball pythons
  3 bats
  2 frilled lizards
  A jackal skeleton (D:2)
  5 kobolds
  A quokka skeleton (D:2)
  A quokka zombie (D:2)
  6 rats
131 creatures vanquished.

Notes
Turn   | Place    | Note
-------+----------+-------------------------------------------
     0 | D:1      | bande the Gargoyle Fighter began the quest for the Orb.
     0 | D:1      | Reached XP level 1. HP: 14/14 MP: 1/1
    99 | D:1      | Found a faded altar of an unknown god.
   116 | D:1      | Reached XP level 2. HP: 19/19 MP: 2/2
   221 | D:1      | Reached skill level 2 in Axes
   281 | D:1      | Reached XP level 3. HP: 21/23 MP: 3/3
   655 | D:2      | Identified the +9 mace of the Enfolding Eel {freeze,
                  | Fragile rCorr Str+2 SInv}
   704 | D:2      | Identified a scroll of acquirement
   704 | D:2      | Acquired 1163 gold pieces
  1074 | D:2      | Reached XP level 4. HP: 22/29 MP: 4/4
  1149 | D:2      | Noticed Natasha
  1158 | D:2      | Killed Natasha
  1159 | D:2      | Reached skill level 3 in Axes
  1672 | D:3      | Noticed Robin
  1689 | D:3      | Reached XP level 5. HP: 27/33 MP: 5/5
  1701 | D:3      | Killed Robin
  2040 | D:3      | Noticed a +0 dagger
  2041 | D:3      | Noticed a +0 dagger
  2041 | D:3      | Noticed a +0 spear
  2042 | D:3      | Noticed a +0 falchion
  2042 | D:3      | Noticed a +0 short sword
  2042 | D:3      | Noticed a +0 falchion
  2042 | D:3      | Noticed a +0 short sword
  2042 | D:3      | Noticed a +0 spear
  2056 | D:3      | Found a hide-covered altar of Uskayaw.
  2152 | D:4      | Noticed Blork the orc
  2166 | D:4      | Killed Blork the orc
  2167 | D:4      | Reached skill level 4 in Axes
  2461 | D:4      | Reached XP level 6. HP: 26/38 MP: 6/6
  2536 | D:4      | Found a staircase to the Ecumenical Temple.
  2560 | Temple   | Entered the Ecumenical Temple
  2585 | D:4      | Found a broken altar of Ashenzari.
  2783 | D:4      | Found a shimmering altar of Xom.
  2857 | D:4      | Noticed Edmund
  2871 | D:4      | Killed Edmund
  3341 | D:4      | Noticed Menkaure
  3345 | D:4      | Killed Menkaure
  3346 | D:4      | Reached skill level 5 in Axes
  3346 | D:4      | Reached XP level 7. HP: 43/44 MP: 7/7
  3471 | D:5      | Entered Level 5 of the Dungeon
  3502 | D:5      | Reached skill level 5 in Armour
  3511 | D:5      | Reached skill level 5 in Fighting
  3634 | D:5      | Found Ezekhuutz's Antique Weapon Emporium.
  3652 | D:5      | Noticed a steam dragon
  3665 | D:5      | Killed a steam dragon
  3666 | D:5      | Reached skill level 6 in Axes
  3666 | D:5      | Reached skill level 1 in Evocations
  3666 | D:5      | Reached XP level 8. HP: 24/49 MP: 8/8
  5103 | D:6      | Found a white marble altar of Elyvilon.
  5177 | D:6      | Found an iron altar of Okawaru.
  5183 | D:6      | Became a worshipper of Warmaster Okawaru
  5268 | D:6      | Identified the +7 short sword "Fyithao" {venom, Will+
                  | Str+2}
  5466 | D:7      | Found Kisohi's Jewellery Shoppe.
  5473 | D:7      | Reached skill level 7 in Axes
  5475 | D:7      | Reached skill level 1 in Invocations
  5475 | D:7      | Reached XP level 9. HP: 43/55 MP: 8/10
  5858 | D:7      | Reached * piety under Okawaru
  5867 | D:7      | HP: 1/55 [yak (13)]
  5869 | D:7      | Slain by a yak

Illustrated notes

Levels and vault maps discovered:
D:1:      lightli_arrival_isolated_outpost, layout_basic,
          hellmonk_ecumenical_altar_inner_sanctum
D:2:      layout_basic, serial_undead, serial_undead_d, serial_undead_f,
          serial_undead_e, serial_undead_b, serial_undead_b, minmay_door_square,
          uniq_natasha
D:3:      layout_loops_ring, nicolae_uskayaw_en_pointe, nrook_mini_vaults,
          uniq_robin
D:4:      layout_basic, mainiacjoe_overflow_boulevard,
          mainiacjoe_overflow_six_doors_small, minmay_temple_entry_crystal_x,
          uniq_blork_the_orc, uniq_menkaure, uniq_edmund
D:5:      layout_cave_pods, serial_shops, shop, dk_noncrumbling_3,
          kennysheep_generic_room_10
D:6:      layout_rooms, mainiacjoe_overflow_24_doors, elyvilon_altar_3
D:7:      layout_cave_pools, overflow_temple_1_default, serial_shops,
          nicolae_square_shop, shop, shop, shop, nicolae_shop_window_shopping
Temple:   hellmonk_temple_micro_hex

Skill      XL: |  1  2  3  4  5  6  7  8  9 |
---------------+----------------------------+-----
Axes           | 2 3 4 5 6 7 |  7.6
Armour         | 4 5 6 |  6.6
Fighting       | 4 5 6 |  6.1
Shields        | 4 |  4.6
Evocations     | 1 2 3 |  3.1
Invocations    | 1 2 |  2.1

Action                     |  1- 3 |  4- 6 |  7- 9 || total
---------------------------+-------+-------+-------++-------
  Melee: War axe           |   117 |   118 |   187 ||   422
    Use: Scroll            |     6 |     5 |     8 ||    19
 Armour: Scale mail        |    59 |     4 |       ||    63
         Chain mail        |       |    81 |   204 ||   285
  Dodge: Dodged            |    69 |    56 |    83 ||   208
  Block: Buckler           |    24 |    30 |    52 ||   106

Table legend: (Time is in decaauts)
 A = Elapsed time spent in this place.
 B = Non-inter-level travel time spent in this place.
 C = Inter-level travel time spent in this place.
 D = Time resting spent in this place.
 E = Time spent auto-exploring this place.
 F = Levels seen in this place.
 G = Mean time per level.
                   A        B        C        D        E       F      G
               +--------+--------+--------+--------+--------+-----+--------+
         Total |   6017 |   5898 |    119 |   1354 |   3338 |   8 |  752.1 |
       Dungeon |   6010 |   5891 |    119 |   1354 |   3338 |   7 |  858.6 |
        Temple |      7 |      7 |      0 |      0 |      0 |   1 |    7.0 |
               +--------+--------+--------+--------+--------+-----+--------+

Top non-repeatable levels by time:
     D:4: 1340 daAuts
     D:5: 1276 daAuts
     D:6: 1097 daAuts
     D:2: 888 daAuts
     D:3: 826 daAuts
     D:1: 508 daAuts
     D:7: 72 daAuts
  Temple: 7 daAuts
